 Dungeon Crawl Stone Soup version 0.28.0 (webtiles) character file.

Game seed: 9476389278545222162

268 honds19 the Chopper (level 6, -1/45 (53) HPs)
             Began as a Gnoll Chaos Knight on Feb 11, 2022.
             Was a Plaything of Xom.
             Slain by a gnoll sergeant (8 damage)
             ... on level 3 of the Dungeon on Feb 14, 2022.
             The game lasted 00:15:15 (3574 turns).

honds19 the Chopper (Gnoll Chaos Knight)            Turns: 3574, Time: 00:15:15

HP:   -1/45 (53)    AC:  5    Str: 14      XL:     6   Next: 21%
MP:   8/8           EV: 12    Int: 10 (11) God:    Xom [*.....]
Gold: 25            SH:  0    Dex: 10 (11) Spells: 8/8 levels left

rFire   + . .      SeeInvis .   a - +0 hand axe (chaos)
rCold   . . .      Faith    .   (no shield)
rNeg    . . .      Spirit   .   b - +2 leather armour
rPois   .          Reflect  .   (no helmet)
rElec   .          Harm     .   (no cloak)
rCorr   .          Rampage  .   (no gloves)
Will    .....                   (no boots)
Stlth   +.........              (no amulet)
HPRegen 0.15/turn               (no ring)
MPRegen 0.11/turn               (no ring)

@: heavily drained
A: fangs 1, strong nose, distributed training, deterioration 1, fire resistance
1
a: Renounce Religion


You were on level 3 of the Dungeon.
You worshipped Xom.
You were a special plaything of Xom.
You visited 1 branch of the dungeon, and saw 3 of its levels.

You collected 25 gold pieces.

Inventory:

Hand Weapons
 a - a +0 hand axe of chaos (weapon)
 h - a +0 short sword of freezing
Missiles
 d - 6 poisoned darts (quivered)
Armour
 b - a +2 leather armour (worn)
Scrolls
 e - a scroll of blinking {unknown}
 f - a scroll of torment {unknown}
Potions
 c - a potion of degeneration {unknown}
 g - a potion of attraction {unknown}


   Skills:
 + Level 6.8 Fighting
 + Level 1.8 Short Blades
 + Level 1.8 Long Blades
 + Level 6.8 Axes
 + Level 1.8 Maces & Flails
 + Level 1.8 Polearms
 + Level 1.8 Staves
 + Level 1.8 Slings
 + Level 1.8 Bows
 + Level 1.8 Crossbows
 + Level 1.8 Throwing
 + Level 4.9 Armour
 + Level 3.2 Dodging
 + Level 1.8 Stealth
 + Level 1.8 Shields
 + Level 1.8 Unarmed Combat
 + Level 1.8 Spellcasting
 + Level 1.4 Conjurations
 + Level 1.4 Hexes
 + Level 1.4 Summonings
 + Level 1.4 Necromancy
 + Level 1.4 Translocations
 + Level 1.4 Transmutations
 + Level 1.4 Fire Magic
 + Level 1.4 Ice Magic
 + Level 1.4 Air Magic
 + Level 1.4 Earth Magic
 + Level 1.4 Poison Magic
 + Level 2.0 Invocations
 + Level 1.8 Evocations


You had 8 spell levels left.
You didn't know any spells.
Your spell library contained the following spells:

 Spells                   Type           Power      Damage    Failure   Level
 Corpse Rot               Necr/Air       6%         N/A       32%         2
 Poisonous Vapours        Pois/Air       6%         N/A       32%         2


Dungeon Overview and Level Annotations

Branches:
Dungeon (3/15)

Altars:
Ru


Innate Abilities, Weirdness & Mutations

You have very sharp teeth.
Your uncanny sense of smell can sniff out nearby items.
Your experience applies equally to all skills.
Your body sometimes deteriorates upon taking damage.
Your flesh is heat resistant. (rF+)


Message History

The gnoll sergeant is lightly wounded.
The gnoll sergeant hits you with a +1 vorpal spear.
You hit the gnoll sergeant. You burn the gnoll sergeant.
The gnoll sergeant is moderately wounded.
The gnoll sergeant hits you with a +1 vorpal spear!
Your body deteriorates!
You feel clumsy.
You barely miss the gnoll sergeant. Your bite misses the gnoll sergeant.
The gnoll sergeant is moderately wounded.
A gnoll comes into view. It is wielding a +3 whip.
The gnoll sergeant barely misses you.
You hit the gnoll sergeant but do no damage.
Your punch misses the gnoll sergeant. Your bite misses the gnoll sergeant.
The gnoll sergeant is moderately wounded. "You have displeased me, mortal."
You feel drained. The gnoll sergeant closely misses you.
You barely miss the gnoll sergeant.
You bite the gnoll sergeant, but do no damage.
The gnoll sergeant is moderately wounded.
The gnoll sergeant barely misses you.
You hit the gnoll sergeant but do no damage.
You drain the gnoll sergeant.
The gnoll sergeant is heavily wounded.
A gnoll comes into view. It is wielding a +0 flail.
The gnoll sergeant misses you.
You barely miss the gnoll sergeant.
The gnoll shouts!
You bite the gnoll sergeant, but do no damage.
The gnoll sergeant is heavily wounded.
You closely miss the gnoll sergeant.
The gnoll sergeant is heavily wounded.
The gnoll sergeant hits you with a +1 vorpal spear.
You hit the gnoll sergeant but do no damage.
You bite the gnoll sergeant, but do no damage.
The gnoll sergeant is severely wounded.
The gnoll sergeant hits you with a +1 vorpal spear!
* * * LOW HITPOINT WARNING * * *
You emit a cloud of colourful smoke!
* * * LOW HITPOINT WARNING * * *
The gnoll sergeant hits you from afar with a +1 vorpal spear!
You die...

#....g.†).....#
#)########......
# #.# .###. #.
#.### # #. #...#
#.# ###.# #..
##.# ##§###§#<#
#..@§g###..
#.§###g# ### #..
#g# #.. .# #.. #
#.. #.. #..


You could see a gnoll sergeant (poisoned, drained) and a gnoll.

Vanquished Creatures
  Terence (D:2)
  Natasha (twice) (D:2)
  9 gnolls
  2 dart slugs (D:1)
  4 bats
  4 endoplasms (D:1)
  4 giant cockroaches
  A goblin (D:1)
  11 hobgoblins
  3 jackals (D:1)
  2 quokkas
  8 ball pythons
  6 kobolds
  4 rats
61 creatures vanquished.

Vanquished Creatures (collateral kills)
  Natasha (D:2)
  2 gnolls (D:2)
3 creatures vanquished.

Grand Total: 64 creatures vanquished

Notes
Turn   | Place    | Note
-------+----------+-------------------------------------------
     0 | D:1      | honds19 the Gnoll Chaos Knight began the quest for the Orb.
     0 | D:1      | Reached XP level 1. HP: 23/23 MP: 1/1
    46 | D:1      | Reached XP level 2. HP: 22/29 MP: 2/2
   273 | D:1      | XOM: silly message
   366 | D:1      | XOM: silly message
   472 | D:1      | Reached XP level 3. HP: 34/35 MP: 3/3
   795 | D:1      | Reached skill level 1 in Invocations
   938 | D:1      | XOM: silly message
  1407 | D:2      | Noticed Terence
  1421 | D:2      | Reached skill level 1 in Short Blades
  1421 | D:2      | Reached skill level 1 in Long Blades
  1421 | D:2      | Reached skill level 1 in Maces & Flails
  1421 | D:2      | Reached skill level 1 in Polearms
  1421 | D:2      | Reached skill level 1 in Staves
  1421 | D:2      | Reached skill level 1 in Slings
  1421 | D:2      | Reached skill level 1 in Bows
  1421 | D:2      | Reached skill level 1 in Crossbows
  1421 | D:2      | Reached skill level 1 in Throwing
  1421 | D:2      | Reached skill level 1 in Stealth
  1421 | D:2      | Reached skill level 1 in Shields
  1421 | D:2      | Reached skill level 1 in Unarmed Combat
  1421 | D:2      | Reached skill level 1 in Spellcasting
  1421 | D:2      | Reached skill level 1 in Evocations
  1421 | D:2      | Reached XP level 4. HP: 20/41 MP: 5/5
  1426 | D:2      | XOM: noise
  1442 | D:2      | XOM: potion effect (invisibility)
  1463 | D:2      | Killed Terence
  1464 | D:2      | Reached skill level 1 in Conjurations
  1464 | D:2      | Reached skill level 1 in Hexes
  1464 | D:2      | Reached skill level 1 in Summonings
  1464 | D:2      | Reached skill level 1 in Necromancy
  1464 | D:2      | Reached skill level 1 in Translocations
  1464 | D:2      | Reached skill level 1 in Transmutations
  1464 | D:2      | Reached skill level 1 in Fire Magic
  1464 | D:2      | Reached skill level 1 in Ice Magic
  1464 | D:2      | Reached skill level 1 in Air Magic
  1464 | D:2      | Reached skill level 1 in Earth Magic
  1464 | D:2      | Reached skill level 1 in Poison Magic
  1877 | D:2      | Noticed Natasha
  1899 | D:2      | XOM: enchant monster (bad)
  1922 | D:2      | XOM: summons 2 friendly demons
  1929 | D:2      | Killed Natasha
  1930 | D:2      | Reached XP level 5. HP: 19/47 MP: 5/7
  2144 | D:2      | XOM: noise
  2169 | D:2      | Noticed Natasha
  2185 | D:2      | Killed Natasha
  2401 | D:2      | XOM: 1-stop teleportation journey
  2535 | D:2      | Noticed Natasha
  2552 | D:2      | Killed Natasha
  2553 | D:2      | Reached XP level 6. HP: 29/53 MP: 8/8
  2750 | D:2      | Found a sacrificial altar of Ru.
  2813 | D:2      | XOM: silly message
  2958 | D:2      | XOM: summons 4 hostile demons
  3429 | D:3      | XOM: stat loss: -1 Int (10/11)
  3476 | D:3      | XOM: give mutations
  3476 | D:3      | Gained mutation: Your flesh is heat resistant. (rF+) [Xom's
                  | mischief]
  3476 | D:3      | Gained mutation: Your body sometimes deteriorates upon
                  | taking damage. [Xom's mischief]
  3568 | D:3      | XOM: draining
  3573 | D:3      | XOM: smoke on damage
  3574 | D:3      | Slain by a gnoll sergeant

Illustrated notes

Levels and vault maps discovered:
D:1:      mrwooster_arrival_arrow, layout_basic, minivault_19
D:2:      layout_loops_ring, basic_altar, uniq_terence, uniq_natasha
D:3:      layout_loops_ring, general_overflow_altar,
          dreamdust_ecumenical_altar_hidden_monk_grotto

Skill      XL: |  1  2  3  4  5 |
---------------+----------------+-----
Invocations    | 1 2 |  2.0
Short Blades   | 1 |  1.8
Long Blades    | 1 |  1.8
Maces & Flails | 1 |  1.8
Polearms       | 1 |  1.8
Staves         | 1 |  1.8
Slings         | 1 |  1.8
Bows           | 1 |  1.8
Crossbows      | 1 |  1.8
Throwing       | 1 |  1.8
Stealth        | 1 |  1.8
Shields        | 1 |  1.8
Unarmed Combat | 1 |  1.8
Spellcasting   | 1 |  1.8
Evocations     | 1 |  1.8
Conjurations   | 1 |  1.4
Hexes          | 1 |  1.4
Summonings     | 1 |  1.4
Necromancy     | 1 |  1.4
Translocations | 1 |  1.4
Transmutations | 1 |  1.4
Fire Magic     | 1 |  1.4
Ice Magic      | 1 |  1.4
Air Magic      | 1 |  1.4
Earth Magic    | 1 |  1.4
Poison Magic   | 1 |  1.4
Dodging        | 3 |  3.2
Fighting       | |  6.8
Axes           | |  6.8
Armour         | |  4.9

Action                   |  1- 3 |  4- 6 || total
-------------------------+-------+-------++-------
Melee: Hand axe          |   101 |   107 ||   208
       Bite              |     9 |    16 ||    25
       Punch             |     1 |     2 ||     3
Throw: Dart              |     5 |       ||     5
 Stab: Sleeping          |     2 |       ||     2
       Invisible         |       |     2 ||     2
Armor: Leather armour    |    34 |    23 ||    57
Dodge: Dodged            |    64 |    66 ||   130
